 Dungeon Crawl Stone Soup version 0.31-a0-986-g5e6e4ef867 (webtiles) character file.

Game seed: 3571301847374312230

604 lunkers the Grappler (level 8, -18/43 HPs)
             Began as a Meteoran Shapeshifter on Nov 8, 2023.
             Was an Initiate of Ru.
             Killed by an exploding butterfly (33 damage)
             ... ignited by their inner flame
             ... in the Ecumenical Temple.
             The game lasted 00:04:02 (1980 turns).

lunkers the Grappler (Meteoran Shapeshifter)        Turns: 1980, Time: 00:04:02

Health: -18/43     AC:  6    Str: 21    XL:     8   Next: 1%
Magic:  9/9        EV: 10    Int: 12    God:    Ru [......]
Gold:   300        SH:  0    Dex: 15    Spells: 7/7 levels left

rFire   . .          .
                       - Unarmed
rCold   . . .        (shield currently unavailable)
rNeg    . . .        f - melded +1 ring mail
rPois   .            (helmet currently unavailable)
rElec   .            (cloak currently unavailable)
rCorr   .            (gloves currently unavailable)
SInv    .            (boots currently unavailable)
Will    +....        (no amulet)
Stlth   +            (no ring)
HPRegen 0.27/turn    (no ring)
MPRegen 0.11/turn

%: no passive effects
@: snake-form, glowing
A: constrict, reduced hp, large, sense surroundings 1, otherworldly, glowing,
explore regen
a: Begin Untransformation, Renounce Religion


You were in the Ecumenical Temple.
You worshipped Ru.
Ru was noncommittal.
You were an enormous anaconda.
You visited 2 branches of the dungeon, and saw 6 of its levels.

You collected 300 gold pieces.

Inventory:

Armour
 f - a +1 ring mail (melded)
Jewellery
 m - a +6 ring of intelligence
Talismans
 c - a beast talisman
 d - a flux talisman
 h - a serpent talisman (active)
Scrolls
 a - 4 scrolls of enchant armour
 i - a scroll of butterflies
 j - a scroll of revelation
 p - a scroll of identify
 s - a scroll of torment {unknown}
Potions
 b - a potion of lignification
 e - 2 potions of might
 k - 3 potions of curing {unknown}
 o - a potion of heal wounds {unknown}


   Skills:
 - Level 1.1 Fighting
 - Level 2.1 Dodging
 * Level 8.4 Unarmed Combat
 + Level 6.1 Shapeshifting


You had 7 spell levels left.
You didn't know any spells.
Your spell library contained the following spells:

 Spells                   Type           Power      Damage    Failure   Level
 Necrotise                Necr           0%         1d4       32%         1
 Ensorcelled Hibernation  Hex/Ice        0%         N/A       45%         2
 Passwall                 Tmut/Erth      0%         N/A       45%         2
 Wereblood                Tmut           0%         N/A       45%         2
 Dazzling Flash           Conj/Hex       0%         N/A       69%         3
 Swiftness                Air            0%         N/A       69%         3
 Vampiric Draining        Necr           0%         2d6       69%         3
 Volatile Blastmotes      Fire/Tloc      0%         2d10      69%         3
 Agony                    Necr           0%         N/A       100%        5
 Irradiate                Conj/Tmut      0%         3d11      100%        5
 Starburst                Conj/Fire      0%         6d3       100%        6
 Maxwell's Capacitive Co  Air            0%         ∞         100%        8


Dungeon Overview and Level Annotations

Branches:
Dungeon (5/15) Zot: 1053   Temple (1/1) D:5 Zot: 586

Altars:
Ashenzari
Cheibriados
Elyvilon
Fedhas
Gozag
Hepliaklqana
Makhleb
Nemelex Xobeh
Qazlal
Ru
Sif Muna
Trog
Vehumet
Wu Jian
Yredelemnul
Zin
The Shining One


Innate Abilities, Weirdness & Mutations

You are an enormous anaconda.
You have a powerful constriction melee attack.
Your maximum health is decreased, since you lack skill for your form.
Your armour is entirely melded.
You are incapable of wielding weapons or throwing items.
You passively map a small area around you.
You are easily found by Zot.
You glow in the dark.
You regain HP and MP as you explore.


Message History

Your butterfly explodes!
The tree burns like a torch!
You hear an explosion!
The fiery explosion engulfs your butterfly!!
Your butterfly disappears in a burst of colours!
Your butterfly explodes!
The fiery explosion engulfs your butterfly!!
Your butterfly disappears in a burst of colours!
The fiery explosion engulfs your butterfly!
Your butterfly disappears in a burst of colours!
The fiery explosion engulfs your butterfly!!
Your butterfly disappears in a burst of colours!
Your butterfly explodes!
The tree burns like a torch!
Your butterfly explodes!
The fiery explosion engulfs your butterfly!
Your butterfly disappears in a burst of colours!
The fiery explosion engulfs your butterfly!
Your butterfly disappears in a burst of colours!
Your butterfly explodes!
The tree burns like a torch!
The fiery explosion engulfs your butterfly!!
Your butterfly disappears in a burst of colours!
Your butterfly explodes!
The fiery explosion engulfs your butterfly!
Your butterfly disappears in a burst of colours!
Your butterfly explodes!
The tree burns like a torch!
Your butterfly explodes!
The fiery explosion engulfs your butterfly!!
Your butterfly disappears in a burst of colours!
Your butterfly explodes!
The fiery explosion engulfs your butterfly!
Your butterfly disappears in a burst of colours!
Your butterfly explodes! x2
You hear an explosion!
Your butterfly explodes!
The fiery explosion engulfs you!!
Ouch! That really hurt!
You die...

##........♣≈≈≈≈≈♣........##
#...§§§§§§§≈≈§§≈.§§.......#
#...§§§§§§§♣§§≈♣§§§_......#
#♣..§§§§§§§.≈§≈§§§§......♣#
#≈≈♣§§§§§§§.♣§♣§§§§....♣≈≈#
#≈≈§≈♣§§§§§.§§§b§....♣≈≈≈≈#
#≈≈§≈§§♣§.§§§§§....♣≈≈≈≈≈≈#
#≈≈≈≈≈≈≈§♣b§§§..b♣≈≈≈≈≈≈≈≈#
#≈≈§§≈≈§≈§bS§§..≈≈≈≈≈≈≈≈≈≈#
#≈≈≈b≈bbb§§§§§§§§♣≈≈≈≈≈≈≈≈#
#≈≈≈§≈≈§§§§§§§§§§§§♣≈≈≈≈≈≈#
#≈≈≈≈§§§§§§.§§§§b§§..♣≈≈≈≈#
#≈≈♣§§§§§§§.§§§§..§....♣≈≈#
#♣..§§§§§§§.§§§b§§b......♣#
#...§§§§§§§♣≈b§♣§§§_......#
#...§§§§§§§≈§§§≈.§§.......#
##......b.♣≈≈§≈≈♣§.......##


There were no monsters in sight!

Vanquished Creatures
  A sky beast (D:4)
  A phantom (D:5)
  A kobold brigand (D:4)
  3 hounds
  A jelly (D:5)
  An orc priest (D:3)
  An iron imp (D:5)
  An iguana (D:5)
  2 orc wizards
  3 adders
  3 dart slugs
  2 worms
  14 orcs
  2 endoplasms
  5 giant cockroaches
  5 hobgoblins
  3 kobolds
  3 quokkas (D:1)
  5 ball pythons
  3 bats (D:2)
  2 frilled lizards
  4 goblins
  8 rats
74 creatures vanquished.

Notes
Turn   | Place    | Note
-------+----------+-------------------------------------------
     0 | D:1      | lunkers the Meteoran Shapeshifter began the quest for the
                  | Orb.
     0 | D:1      | Reached XP level 1. HP: 16/16 MP: 2/2
    54 | D:1      | Reached skill level 4 in Unarmed Combat
    54 | D:1      | Reached XP level 2. HP: 11/23 MP: 3/3
   239 | D:1      | Reached XP level 3. HP: 27/28 MP: 4/4
   262 | D:1      | You fall into a shaft and drop 1 floor!
   481 | D:2      | Reached skill level 5 in Unarmed Combat
   481 | D:2      | Reached XP level 4. HP: 13/35 MP: 5/5
   583 | D:3      | Noticed a moth of wrath
   586 | D:3      | Found a bloodstained altar of Trog.
   678 | D:3      | Reached XP level 5. HP: 36/40 MP: 6/6
   763 | D:3      | Reached skill level 6 in Unarmed Combat
  1330 | D:4      | Found a hazy altar of Hepliaklqana.
  1334 | D:4      | Reached XP level 6. HP: 19/47 MP: 7/7
  1340 | D:4      | Found an opulent altar of Gozag.
  1397 | D:4      | Reached skill level 5 in Shapeshifting
  1415 | D:4      | Found a stormy altar of Qazlal.
  1422 | D:4      | Noticed an air elemental
  1425 | D:4      | Noticed a water elemental
  1425 | D:4      | Noticed a fire elemental
  1464 | D:4      | Reached skill level 7 in Unarmed Combat
  1590 | D:4      | Noticed a sky beast
  1597 | D:4      | Killed a sky beast
  1598 | D:4      | Reached XP level 7. HP: 33/52 MP: 8/8
  1784 | D:5      | Entered Level 5 of the Dungeon
  1823 | D:5      | Found a snail-covered altar of Cheibriados.
  1901 | D:5      | Reached skill level 8 in Unarmed Combat
  1948 | D:5      | Reached XP level 8. HP: 43/59 MP: 9/9
  1952 | D:5      | Found a staircase to the Ecumenical Temple.
  1967 | Temple   | Entered the Ecumenical Temple
  1972 | Temple   | Became a worshipper of Ru the Awakened
  1980 | Temple   | Killed by an exploding butterfly... ignited by their inner
                  | flame

Illustrated notes

Levels and vault maps discovered:
D:1:      lightli_arrival_flooded_house, layout_loops_ring, st_stairs_14
D:2:      layout_loops_ring, basic_altar, nicolae_eternal_life
D:3:      layout_basic, tgw_trog, kennysheep_generic_room_9
D:4:      layout_rooms, nicolae_qazlal_style_of_elements, jmf_multi_god_temple,
          st_stairs_5
D:5:      layout_basic, slow_altar_1, minmay_temple_entry_ruins,
          cheibrodos_sewer_entry_bend
Temple:   nicolae_temple_x_marks_the_god

Skill      XL: |  1  2  3  4  5  6  7 |
---------------+----------------------+-----
Unarmed Combat | 4 5 6 7 8 |  8.4
Shapeshifting  | 4 5 6 |  6.1
Fighting       | |  1.1
Dodging        | |  2.1

Action                     |  1- 3 |  4- 6 |  7- 9 || total
---------------------------+-------+-------+-------++-------
  Melee: Unarmed           |    57 |    98 |    36 ||   191
         Punch             |     1 |     1 |       ||     2
         Constrict         |       |     8 |     9 ||    17
    Use: Scroll            |       |       |     9 ||     9
 Armour: Animal skin       |    10 |       |       ||    10
         Ring mail         |    23 |    37 |       ||    60
         Skin              |       |    13 |    21 ||    34
  Dodge: Dodged            |    29 |    55 |    11 ||    95
   Form: Anaconda          |       |     1 |       ||     1

Table legend: (Time is in decaauts)
 A = Elapsed time spent in this place.
 B = Non-inter-level travel time spent in this place.
 C = Inter-level travel time spent in this place.
 D = Time resting spent in this place.
 E = Time spent auto-exploring this place.
 F = Levels seen in this place.
 G = Mean time per level.
                   A        B        C        D        E       F      G
               +--------+--------+--------+--------+--------+-----+--------+
         Total |   1958 |   1907 |     51 |      0 |   1421 |   6 |  326.3 |
       Dungeon |   1946 |   1895 |     51 |      0 |   1421 |   5 |  389.2 |
        Temple |     12 |     12 |      0 |      0 |      0 |   1 |   12.0 |
               +--------+--------+--------+--------+--------+-----+--------+

Top non-repeatable levels by time:
     D:3: 736 daAuts
     D:4: 454 daAuts
     D:2: 317 daAuts
     D:1: 260 daAuts
     D:5: 178 daAuts
  Temple: 12 daAuts
